 Dungeon Sprint DCSS version 0.28-a0-1356-g2ad6d04315 (webtiles) character file.

Game seed: 6363737446724408

72 mhtbhm the Cudgeller (level 4, 0/40 HPs)
             Began as a Human Berserker on Dec 30, 2021.
             Was a Priest of Trog.
             Slain by a scorpion (5 damage)
             ... in the Dungeon (Sprint IX: "|||||||||||||||||||||||||||||").
             The game lasted 00:00:35 (224 turns).

mhtbhm the Cudgeller (Human Berserker)               Turns: 224, Time: 00:00:35

Health: 0/40       AC:  2    Str: 19    XL:     4   Next: 50%
Magic:  4/4        EV: 13    Int:  7    God:    Trog [***...]
Gold:   0          SH:  0    Dex: 13    Spells: 3/3 levels left

rFire   . . .      SeeInvis .   a - +0 mace
rCold   . . .      Faith    .   (no shield)
rNeg    . . .      Spirit   .   b - +0 animal skin
rPois   .          Reflect  .   (no helmet)
rElec   .          Harm     .   (no cloak)
rCorr   .          Rampage  .   (no gloves)
Will    .....      NoTele   +   (no boots)
Stlth   +.........              (no amulet)
HPRegen 0.13/turn               (no ring)
MPRegen 0.09/turn               (no ring)

@: on berserk cooldown, hasted and slowed
A: no striking features
a: Renounce Religion, Berserk, Trog's Hand


You were in the Dungeon.
You worshipped Trog.
Trog was most pleased with you.
You visited 1 branch

Inventory:

Hand Weapons
 a - a +0 mace (weapon)
Armour
 b - a +0 animal skin (worn)
Potions
 f - 2 potions of magic
 g - a potion of berserk rage


   Skills:
 + Level 5.7 Fighting
 + Level 6.0 Maces & Flails
 + Level 3.0 Armour
 + Level 3.1 Dodging


You had 3 spell levels left.
You didn't know any spells.
Your spell library was empty.

Dungeon Overview and Level Annotations

Branches:
Dungeon (1/1)

Altars:


Message History

You kill the dart slug!
Trog accepts your kill. The ufetubus hits you. x2
Your Armour skill increases to level 3!
You barely miss the ufetubus. The ufetubus misses you.
The ufetubus hits you but does no damage.
The ufetubus misses you. The ufetubus completely misses you.
The ufetubus barely misses you. The ufetubus closely misses you.
You hit the ufetubus.
The ufetubus is almost dead.
The ufetubus completely misses you. The ufetubus closely misses you.
The ufetubus hits you. The ufetubus barely misses you.
You hit the ufetubus.
You kill the ufetubus!
Trog accepts your kill. The scorpion misses you.
Your Maces & Flails skill increases to level 6!
Unknown command.
Unknown command.
You aren't carrying any items that you can evoke.
Unknown command.
You feel yourself speed up. The scorpion stings you! The scorpion stings you.
You barely miss the scorpion. The scorpion barely misses you.
You hit the scorpion.
The scorpion is lightly wounded.
The scorpion stings you.
* * * LOW HITPOINT WARNING * * *
The scorpion stings you.
* * * LOW HITPOINT WARNING * * *
You closely miss the scorpion.
The scorpion is lightly wounded.
The scorpion closely misses you.
You thump the scorpion!
The scorpion is severely wounded.
The scorpion barely misses you.
Unknown command.
You hit the scorpion.
The scorpion is almost dead.
The scorpion stings you.
You die... ▓▓▓▓▓▓▓▓▓▓▓▓▓▓▓▓▓▓ +...@sZ.....)...<▓ ▓▓▓▓▓▓▓▓▓▓▓▓▓▓▓▓▓▓

You could see a scorpion and an adder zombie.

Vanquished Creatures
  A scorpion (D)
  An ufetubus (D)
  A dart slug (D)
  2 endoplasms (D)
  A goblin (D)
  A hobgoblin (D)
  A frilled lizard (D)
8 creatures vanquished.

Notes
Turn   | Place    | Note
-------+----------+-------------------------------------------
     0 | D        | mhtbhm the Human Berserker began the quest for the Orb.
     0 | D        | Reached XP level 1. HP: 18/18 MP: 1/1
    15 | D        | Reached ** piety under Trog
    20 | D        | Reached XP level 2. HP: 14/25 MP: 2/2
   199 | D        | Noticed a scorpion
   199 | D        | Noticed a scorpion
   206 | D        | Killed a scorpion
   207 | D        | Reached skill level 5 in Fighting
   207 | D        | Reached skill level 5 in Maces & Flails
   207 | D        | Reached XP level 3. HP: 7/33 MP: 3/3
   207 | D        | Reached XP level 4. HP: 8/39 MP: 4/4
   215 | D        | Reached *** piety under Trog
   219 | D        | Reached skill level 6 in Maces & Flails
   224 | D        | Slain by a scorpion

Illustrated notes

Levels and vault maps discovered:
D:        linesprint [early_d, line_temple, items_1, d_10, items_2, lair_1,
          lair_end, items_3, orc_1, orc_end, items_4, d_15, swamp_1, shoals_1,
          snake_1, spider_1, d_20, vaults_1, items_5, swamp_end, shoals_end,
          snake_end, spider_end, vaults_end, d_27, items_6, zot_1, zot_end,
          crypt_end, forest_end, elf_end, slime_end, tomb_end, abyss_end,
          pan_hell_end]

Skill      XL: |  1  2  3  4 |
---------------+-------------+-----
Fighting       | 5 |  5.7
Maces & Flails | 5 6 |  6.0
Dodging        | 3 |  3.1
Armour         | 3 |  3.0

Action                   |  1- 3 |  4- 6 || total
-------------------------+-------+-------++-------
Melee: Mace              |    21 |    10 ||    31
Invok: Berserk           |     2 |       ||     2
  Use: Potion            |       |     3 ||     3
       Scroll            |       |     1 ||     1
Armor: Animal skin       |     1 |     2 ||     3
Dodge: Dodged            |     7 |    13 ||    20

Table legend: (Time is in decaauts)
 A = Elapsed time spent in this place.
 B = Non-inter-level travel time spent in this place.
 C = Inter-level travel time spent in this place.
 D = Time resting spent in this place.
 E = Time spent auto-exploring this place.
 F = Levels seen in this place.
 G = Mean time per level.
                   A        B        C        D        E       F      G
               +--------+--------+--------+--------+--------+-----+--------+
         Total |    239 |    239 |      0 |    182 |      3 |   1 |  239.0 |
       Dungeon |    239 |    239 |      0 |    182 |      3 |   1 |  239.0 |
               +--------+--------+--------+--------+--------+-----+--------+

Top non-repeatable levels by time:
       D: 239 daAuts
